 Dungeon Crawl Stone Soup version 0.31-a0-865-g3d5d91748a (webtiles) character file.

Game seed: 2162202392625501186

23 miscthings the Charlatan (level 2, 0/20 HPs)
             Began as a Gnoll Wanderer on Oct 10, 2023.
             Succumbed to an adder's poison
             ... on level 2 of the Dungeon.
             The game lasted 00:01:47 (648 turns).

miscthings the Charlatan (Gnoll Wanderer)            Turns: 648, Time: 00:01:47

Health: 0/20       AC:  3    Str: 13    XL:     2   Next: 95%
Magic:  5/5        EV: 12    Int: 10    God:
Gold:   54         SH:  0    Dex: 10    Spells: 6/6 levels left

rFire   . . .        a - +0 spear
rCold   . . .        (no shield)
rNeg    . . .        e - +0 leather armour
rPois   .            (no helmet)
rElec   .            (no cloak)
rCorr   .            (no gloves)
SInv    .            (no boots)
Will    .....        (no amulet)
Stlth   ++           (no ring)
HPRegen 0.23/turn    (no ring)
MPRegen 0.09/turn

%: no passive effects
@: lethally poisoned (0 -> -11)
A: fangs 1, strong nose, distributed training
a: no special abilities


You were on level 2 of the Dungeon.
You visited 1 branch of the dungeon, and saw 2 of its levels.

You collected 54 gold pieces.

Inventory:

Hand Weapons
 a - a +0 spear (weapon)
Armour
 e - a +0 leather armour (worn)
Jewellery
 h - an amulet of magic regeneration
Scrolls
 c - a scroll of teleportation
 d - a scroll of fear
 f - 2 scrolls of enchant armour {unknown}
 g - a scroll of amnesia {unknown}
 i - 3 scrolls of enchant weapon {unknown}
 j - a scroll of butterflies {unknown}
 k - a scroll of identify {unknown}
Miscellaneous
 b - a sack of spiders (inert) (quivered)


   Skills:
 + Level 0.5 Fighting
 + Level 0.5 Short Blades
 + Level 0.5 Long Blades
 + Level 0.5 Axes
 + Level 0.5 Maces & Flails
 + Level 4.5 Polearms
 + Level 0.5 Staves
 + Level 0.5 Ranged Weapons
 + Level 0.5 Throwing
 + Level 2.5 Armour
 + Level 4.5 Dodging
 + Level 2.3 Stealth
 + Level 0.5 Shields
 + Level 0.5 Unarmed Combat
 + Level 2.7 Spellcasting
 + Level 0.4 Conjurations
 + Level 0.4 Hexes
 + Level 0.4 Summonings
 + Level 0.4 Necromancy
 + Level 0.4 Translocations
 + Level 0.4 Transmutations
 + Level 0.4 Fire Magic
 + Level 0.4 Ice Magic
 + Level 0.4 Air Magic
 + Level 0.4 Earth Magic
 + Level 0.4 Poison Magic
 + Level 2.5 Invocations
 + Level 4.5 Evocations
 + Level 0.5 Shapeshifting


You had 6 spell levels left.
You didn't know any spells.
Your spell library was empty.

Dungeon Overview and Level Annotations

Branches:
Dungeon (2/15)

Altars:


Innate Abilities, Weirdness & Mutations

You have very sharp teeth.
Your uncanny sense of smell can sniff out nearby items.
Your experience applies equally to all skills.


Message History

A quokka comes into view.
The hobgoblin shouts!
The goblin shouts!
The adder hisses angrily.
You hear a bark!
The jackal barks!
You reach to attack!
You hit the adder but do no damage. You hit the adder.
Your bite misses the adder.
The adder is heavily wounded.
The adder bites you.
You hit the adder but do no damage.
The adder is heavily wounded.
The adder bites you but does no damage.
You miss the adder.
The adder is heavily wounded.
The adder bites you. The adder bites you.
You barely miss the adder.
The adder is heavily wounded.
The adder closely misses you.
You hit the adder but do no damage. Your bite misses the adder.
The adder is heavily wounded.
The quokka bites you but does no damage.
The adder bites you.
You are poisoned.
The adder poisons you!
You feel sick. The adder attacks as it pursues you! The adder bites you.
You are lethally poisoned!
The adder poisons you!
You feel very sick.
The jackal bites you but does no damage.
The quokka barely misses you.
The jackal bites you but does no damage.
* * * LOW HITPOINT WARNING * * *
You feel sick. The adder attacks as it pursues you! The adder bites you.
* * * LOW HITPOINT WARNING * * *
You are more poisoned.
The adder poisons you!
The quokka twitches its whiskers.
The quokka barely misses you. The adder bites you.
* * * LOW HITPOINT WARNING * * *
Found 3 javelins.
You die...

.............#
.......<.†...#
.............# ..#.
..###........# S...
####.....######### ##?.
###.##.......... .l..
...........#### #.###.
..##.####S.#### .......
# #...@.rgg..##........
#......##h..#........<..
.#####. ##..............
#( ###......)..... ##
...).......... ∆
.#.........>... #
..............
#....#.....K...
.....##.#.....#


You could see an adder, a quokka, a jackal, a hobgoblin and a goblin.

Vanquished Creatures
  5 ball pythons
  An endoplasm (D:1)
  A giant cockroach (D:1)
  2 goblins (D:1)
  A hobgoblin (D:1)
  A jackal (D:1)
  2 bats
  2 frilled lizards (D:1)
  A kobold (D:1)
  3 rats
19 creatures vanquished.

Vanquished Creatures (collateral kills)
  An endoplasm (D:1)
  A kobold (D:1)
2 creatures vanquished.

Grand Total: 21 creatures vanquished

Notes
Turn   | Place    | Note
-------+----------+-------------------------------------------
     0 | D:1      | miscthings the Gnoll Wanderer began the quest for the Orb.
     0 | D:1      | miscthings set off with the following items: a +0 spear, a
                  | sack of spiders, a scroll of teleportation, a scroll of
                  | fear, a +0 leather armour.
     0 | D:1      | Reached XP level 1. HP: 13/13 MP: 4/4
    93 | D:1      | Reached XP level 2. HP: 15/19 MP: 5/5
   647 | D:2      | HP: 1/20 [adder (3)]
   648 | D:2      | Succumbed to an adder's poison

Illustrated notes

Levels and vault maps discovered:
D:1:      ebering_trefoil_twist, layout_basic, serial_bayou_lagoon_a,
          minmay_tetromino_i2
D:2:      layout_rooms, basic_altar

Action                     || total
---------------------------++-------
  Melee: Spear             ||    75
         Bite              ||     2
  Evoke: Sack of spiders   ||     1
   Stab: Sleeping          ||     1
 Armour: Leather armour    ||    38
  Dodge: Dodged            ||    46

Table legend: (Time is in decaauts)
 A = Elapsed time spent in this place.
 B = Non-inter-level travel time spent in this place.
 C = Inter-level travel time spent in this place.
 D = Time resting spent in this place.
 E = Time spent auto-exploring this place.
 F = Levels seen in this place.
 G = Mean time per level.
                   A        B        C        D        E       F      G
               +--------+--------+--------+--------+--------+-----+--------+
         Total |    643 |    566 |     77 |      0 |    362 |   2 |  321.5 |
       Dungeon |    643 |    566 |     77 |      0 |    362 |   2 |  321.5 |
               +--------+--------+--------+--------+--------+-----+--------+

Top non-repeatable levels by time:
     D:1: 609 daAuts
     D:2: 34 daAuts
